 Dungeon Crawl Stone Soup version 0.29.0 (webtiles) character file.

Game seed: 5114917148108480270

140 samcosmo the Magician (level 5, -1/35 HPs)
             Began as a Djinni Enchanter on Sept 7, 2022.
             Frozen to death by an endoplasm (6 damage)
             ... on level 4 of the Dungeon on Sept 8, 2022.
             The game lasted 00:10:57 (4202 turns).

samcosmo the Magician (Djinni Enchanter)            Turns: 4202, Time: 00:10:58

Health: -1/35      AC:  2    Str:  7    XL:     5   Next: 46%
Gold:   124        EV: 13    Int: 17    God:
                   SH:  0    Dex: 21

rFire   + + .      SeeInvis .   q - +7 mace of Guile {flame, rElec Dex+6}
rCold   x . .      Faith    .   (no shield)
rNeg    . . .      Spirit   .   b - +0 robe
rPois   ∞          Reflect  .   (no helmet)
rElec   +          Harm     .   p - scarf {+Inv}
rCorr   .          Rampage  .   (no gloves)
Will    .....                   (boots unavailable)
Stlth   +++.......              (no amulet)
HPRegen 0.11/turn               (no ring)
MPRegen 0.00/turn               (no ring)

@: flying
A: sickness immunity, fire resistance 2, cold vulnerability 1, float, innate
caster, HP casting, extra vitality 1
a: Evoke Invisibility


You were on level 4 of the Dungeon.
You visited 1 branch of the dungeon, and saw 4 of its levels.

You collected 124 gold pieces.

Inventory:

Hand Weapons
 a - a +1 dagger
 q - the +7 mace of Guile (weapon) {flame, rElec Dex+6}
   (You found it on level 3 of the Dungeon)

   It burns those it strikes, dealing additional fire damage.
   Dex:       It affects your dexterity (+6).
   rElec:     It insulates you from electricity.
Armour
 b - a +0 robe (worn)
 p - a scarf of invisibility (worn)
Magical Staves
 e - a staff of cold
Wands
 s - a wand of polymorph (9)
 u - a wand of quicksilver (12)
Scrolls
 d - 2 scrolls of enchant armour {unknown}
 g - 5 scrolls of identify {unknown}
 i - 2 scrolls of magic mapping {unknown}
 m - 2 scrolls of vulnerability {unknown}
 n - 3 scrolls of butterflies {unknown}
 o - a scroll of silence {unknown}
 t - a scroll of brand weapon {unknown}
 v - a scroll of teleportation {unknown}
Potions
 c - 3 potions of invisibility
 f - 2 potions of curing {unknown}
 h - a potion of heal wounds {unknown}
 j - a potion of lignification {unknown}
 k - a potion of might {unknown}
 l - 3 potions of cancellation {unknown}
 r - a potion of flight {unknown}
 w - a potion of berserk rage {unknown}


   Skills:
 - Level 1.5 Short Blades
 - Level 2.1 Dodging
 - Level 2.7 Stealth
 - Level 3.5 Spellcasting
 * Level 2.5 Evocations


You couldn't memorise any spells.
You knew the following spells:

 Your Spells              Type           Power      Damage    Failure   Level
a - Ensorcelled Hibernat  Hex/Ice        28%        N/A       6%          2
b - Confusing Touch       Hex            14%        N/A       12%         3
c - Tukima's Dance        Hex            14%        N/A       12%         3
d - Dazzling Flash        Conj/Hex       28%        N/A       12%         3
e - Slow                  Hex            56%        N/A       4%          1
f - Poisonous Vapours     Pois/Air       28%        N/A       6%          2
Your spell library was empty.

Dungeon Overview and Level Annotations

Branches:
Dungeon (4/15)
 Temple: D:4-7

Altars:
Elyvilon

Shops:
D:2 [

Annotations:
D:4 Ijyb


Innate Abilities, Weirdness & Mutations

You are immune to sickness and miasma.
You are immune to poison.
Your flesh is very heat resistant. (rF++)
You are vulnerable to cold. (rC-)
You float through the air rather than walking.
You learn spells naturally, not from books.
Your magical power is your life essence.
You have superior vitality. (+4 MHP)


Message History

Confirm with . or Enter, or press ? or * to list all spells.
Aiming: Ensorcelled Hibernation (safe; 6% risk of failure)
Press: ? - help, Shift-Dir - straight line, f/p - Ijyb
Aim: Ijyb, wielding a +0 club, wearing a +1 chain mail of cold resistance, quivering stones and carrying a wand of paralysis (11) (not susceptible)
Okay, then.
There is a large open door here.
Ijyb throws a stone.
The stone closely misses you.
Things that are here:
a hobgoblin skeleton; a hound skeleton You reach down and close the large door.
You start resting.
Ijyb the Twisted Goblin opens the door.
She is wielding a +0 club, wearing a +1 chain mail of cold resistance and carrying a wand of paralysis (11).
The endoplasm closely misses you.
A gnoll comes into view. It is wielding a +0 club.
Ijyb zaps a wand.
You suddenly lose the ability to move!
The gnoll shouts! x2
The endoplasm hits you. Ijyb hits you with a +0 club.
A gnoll comes into view. It is wielding a +0 whip. x2
The endoplasm freezes you.
You are frozen!
You feel a terrible chill! Ijyb hits you with a +0 club.
The endoplasm freezes you.
You are frozen.
You feel a terrible chill! Ijyb hits you with a +0 club.
* * * LOW HITPOINT WARNING * * *
The endoplasm hits you but does no damage.
Ijyb hits you with a +0 club.
* * * LOW HITPOINT WARNING * * *
You can move again.
There is a large open door here.
Okay, then.
Things that are here:
a hobgoblin skeleton; a hound skeleton The endoplasm attacks as you move away!
The endoplasm hits you.
* * * LOW HITPOINT WARNING * * *
The endoplasm attacks as you move away! The endoplasm barely misses you.
Ijyb throws a stone.
The stone hits you.
* * * LOW HITPOINT WARNING * * *
There is a stone staircase leading up here.
The endoplasm freezes you.
You are frozen.
You feel a terrible chill!
You die...

♣.~~~~. ♣.⌠~~⌠.
###♣......
##['.......
#########.÷'.......
#.....gg..##♣......
#......g.## ♣.⌠~~⌠.
#...g....###♣.~~~~.
#.@J.g.>...#♣.~~~~.
#..........#♣.⌠~~⌠.
#..).....#.#♣.)....
#........### ♣♣♣♣♣♣
#........#
##.####### #.# #.#
#.


You could see Ijyb, 3 gnolls, an endoplasm and a hobgoblin.

Vanquished Creatures
  A hound (D:4)
  Jessica (D:3)
  Terence (D:3)
  An ufetubus (D:4)
  A dart slug (D:1)
  3 orcs
  3 ball pythons
  4 bats
  4 endoplasms
  2 giant cockroaches
  4 goblins
  6 hobgoblins
  2 jackals (D:2)
  3 quokkas
  2 frilled lizards
  2 kobolds
  4 rats
  A spectral kobold (D:1)
45 creatures vanquished.

Notes
Turn   | Place    | Note
-------+----------+-------------------------------------------
     0 | D:1      | samcosmo the Djinni Enchanter began the quest for the Orb.
     0 | D:1      | samcosmo set off with the following spells memorised:
                  | Ensorcelled Hibernation, Confusing Touch, Tukima's Dance,
                  | Dazzling Flash.
     0 | D:1      | Reached XP level 1. HP: 15/15 MP: 0/0
   161 | D:1      | Reached skill level 1 in Short Blades
   234 | D:1      | Reached XP level 2. HP: 17/21 MP: 0/0
  1098 | D:1      | Found a faded altar of an unknown god.
  1425 | D:1      | Reached XP level 3. HP: 19/25 MP: 0/0
  1425 | D:1      | Learned a level 1 spell: Slow
  1898 | D:2      | Found Daforph's Antique Armour Shoppe.
  2753 | D:3      | Reached skill level 3 in Spellcasting
  2796 | D:3      | Found a white marble altar of Elyvilon.
  2801 | D:3      | Identified the +7 mace of Guile {flame, rElec Dex+6}
  2855 | D:3      | Noticed Terence
  2867 | D:3      | Killed Terence
  2868 | D:3      | Reached XP level 4. HP: 11/31 MP: 0/0
  3148 | D:3      | Noticed Jessica
  3165 | D:3      | Reached skill level 1 in Evocations
  3166 | D:3      | Killed Jessica
  3808 | D:4      | Reached XP level 5. HP: 29/35 MP: 0/0
  3808 | D:4      | Learned a level 2 spell: Poisonous Vapours
  3890 | D:4      | Noticed Ijyb
  4188 | D:4      | Paralysed by Ijyb for 5 turns
  4202 | D:4      | Frozen to death by an endoplasm

Illustrated notes

Levels and vault maps discovered:
D:1:      dpeg_arrival_shelter, layout_basic,
          dreamdust_ecumenical_altar_drowned_temple, kennysheep_small_spiral,
          nicolae_kite_square_tiling_tiny, hangedman_abyss_or_decor_stabs,
          feat_on_display
D:2:      layout_basic, serial_shops, shop
D:3:      layout_basic, nicolae_elyvilon_peaceful_grove, minmay_quadrilaterals,
          uniq_terence, uniq_jessica
D:4:      layout_basic, mainiacjoe_overflow_24_doors, kennysheep_dice,
          uniq_pikel, uniq_ijyb

Skill      XL: |  1  2  3  4  5 |
---------------+----------------+-----
Short Blades   | 1 |  1.5
Spellcasting   | 3 |  3.5
Evocations     | 1 2 |  2.5
Dodging        | |  2.1
Stealth        | |  2.7

Action                   |  1- 3 |  4- 6 || total
-------------------------+-------+-------++-------
Melee: Dagger            |    59 |       ||    59
       Mace              |    10 |    31 ||    41
 Cast: Ensorcelled Hiber |    32 |     4 ||    36
  Use: Potion            |       |     1 ||     1
 Stab: Sleeping          |    22 |     4 ||    26
       Invisible         |       |     3 ||     3
Armor: Robe              |    17 |     7 ||    24
Dodge: Dodged            |    59 |    41 ||   100
